 Dungeon Crawl Stone Soup version 0.31-a0-1612-g4aaf141 (webtiles) character file.

Game seed: 4552868272592150470

42 PidgeyThePirate the Cutter (level 3, 0/42 HPs)
             Began as a Demonspawn Gladiator on Jan 9, 2024.
             Slain by Natasha (2 damage)
             ... on level 1 of the Dungeon.
             The game lasted 00:01:57 (993 turns).

PidgeyThePirate the Cutter (Demonspawn Gladiator)    Turns: 993, Time: 00:01:58

Health: 0/42       AC: 21    Str: 16    XL:     3   Next: 35%
Magic:  3/3        EV:  2    Int:  8    God:
Gold:   24         SH:  5    Dex: 14    Spells: 2/2 levels left

rFire   . . .        a - +0 rapier
rCold   . . .        (no shield)
rNeg    . . .        b - melded +0 leather armour
rPois   +            c - melded +0 helmet
rElec   .            g - melded +1 cloak
rCorr   +            (gloves currently unavailable)
SInv    .            (boots currently unavailable)
Will    .....        f - amulet of reflection
Stlth   +            i - ring of resist corrosion
HPRegen 0.27/turn    (no ring)
MPRegen 0.08/turn

%: reflection
@: tree-form (expiring), slowed, very slow
A: stationary, stasis, torment immunity, boosted hp, (molten scales 1), powered
by death 1
a: no special abilities


You were on level 1 of the Dungeon.
You were a tree.
You visited 1 branch of the dungeon, and saw 2 of its levels.

You collected 24 gold pieces.

Inventory:

Hand Weapons
 a - a +0 rapier (weapon)
Missiles
 d - 3 throwing nets (quivered)
 e - 7 javelins
Armour
 b - a +0 leather armour (melded)
 c - a +0 helmet (melded)
 g - a +1 cloak (melded)
Jewellery
 f - an amulet of reflection (around neck)
 i - a ring of resist corrosion (left branch)
Scrolls
 h - a scroll of teleportation {unknown}
 k - a scroll of noise {unknown}


   Skills:
 + Level 2.3 Fighting
 + Level 3.1 Short Blades
 + Level 2.0 Throwing
 + Level 1.1 Armour
 + Level 3.1 Dodging


You had 2 spell levels left.
You didn't know any spells.
Your spell library contained the following spells:

 Spells                   Type           Power      Damage    Failure   Level
 Foxfire                  Conj/Fire      0%         2x1d4     41%         1
 Sandblast                Erth           0%         2d4       41%         1
 Passwall                 Erth           0%         N/A       78%         3
 Stone Arrow              Conj/Erth      0%         3d7       78%         3
 Brom's Barrelling Bould  Conj/Erth      0%         2d3       99%         4
 Plasma Beam              Fire/Air       0%         2x1d10    100%        6
 Starburst                Conj/Fire      0%         6d3       100%        6


Dungeon Overview and Level Annotations

Branches:
Dungeon (2/15)

Altars:

Annotations:
D:1 Natasha


Innate Abilities, Weirdness & Mutations

You are a tree.
Your roots penetrate the ground, keeping you stationary.
You cannot be teleported.
You are immune to unholy pain and torment.
Your maximum health is greatly increased.
Your equipment is partially melded.
((You are partially covered in molten scales. (AC +2)))
You regenerate a little health from kills.


Message History

Natasha is severely wounded.
Natasha growls.
You block Natasha's attack.
The cerulean imp hits you but does no damage.
Natasha casts a spell at you.
The magic dart hits you but does no damage.
The cerulean imp hits you but does no damage.
You hit Natasha but do no damage.
Natasha is severely wounded.
Natasha claws you but does no damage. The cerulean imp barely misses you.
Natasha claws you but does no damage.
The cerulean imp hits you but does no damage.
You hit Natasha.
Natasha is severely wounded.
Your transformation is almost over.
Natasha claws you but does no damage.
The cerulean imp hits you but does no damage.
You hit Natasha but do no damage.
Natasha is severely wounded.
Natasha mumbles some strange words.
The cerulean imp hits you but does no damage. x2
Natasha claws you.
* * * LOW HITPOINT WARNING * * *
You hit Natasha.
Natasha is almost dead.
Natasha casts a spell.
The cerulean imp hits you but does no damage.
You closely miss Natasha.
Natasha is almost dead.
The cerulean imp disappears in a puff of smoke!
Natasha claws you.
* * * LOW HITPOINT WARNING * * *
You block the cerulean imp's attack. Natasha casts a spell at you.
The magic dart hits you but does no damage.
You closely miss Natasha.
Natasha is almost dead.
The cerulean imp completely misses you. Natasha claws you.
You die...
Natasha begins licking her fur clean.

#.# #....###....##############
##.#####...#.#.###...............
#..........##.###################
#..#####...##>##.......# # #..#
#..###.##.#####.####### #
...#############.# #.......#
##...#....<....#5# #######.#
######.#.....#.#h# #.# #
####.#.....#.#♣# #.#
###..#.........### #.#
.....##+##+##'## #.#
###..#....)....# #.# #
##.###.#.##### #.# # #.# #...#
#.# # #.###.### #.# #
#..##.###################.#### #
#.......................)....#


You could see Natasha and a cerulean imp (summoned).

Vanquished Creatures
  4 ball pythons (D:1)
  An endoplasm (D:1)
  A giant cockroach (D:1)
  7 goblins
  8 hobgoblins (D:1)
  3 jackals (D:1)
  2 kobolds (D:1)
  3 bats (D:1)
  2 frilled lizards (D:1)
  5 rats (D:1)
36 creatures vanquished.

Notes
Turn   | Place    | Note
-------+----------+-------------------------------------------
     0 | D:1      | PidgeyThePirate the Demonspawn Gladiator began the quest
                  | for the Orb.
     0 | D:1      | Reached XP level 1. HP: 16/16 MP: 1/1
   115 | D:1      | Gained mutation: You regenerate a little health from kills.
                  | [demonic ancestry]
   115 | D:1      | Reached XP level 2. HP: 22/22 MP: 2/2
   407 | D:1      | Reached skill level 1 in Armour
   433 | D:1      | Gained mutation: You are partially covered in molten
                  | scales. (AC +2) [demonic ancestry]
   433 | D:1      | Reached XP level 3. HP: 27/27 MP: 3/3
   954 | D:2      | Noticed Natasha
   984 | D:1      | HP: 2/42 [cerulean imp/+2 spear[Natasha] (5)]
   992 | D:1      | HP: 1/42 [Natasha (3)]
   993 | D:1      | Slain by Natasha

Illustrated notes

Levels and vault maps discovered:
D:1:      lemuel_arrival_behind_the_door_small, layout_loops_ring
D:2:      layout_loops_ring, minmay_misc_feat_encased, nrook_mini_backslash,
          minivault_19, grunt_ministairs_9, uniq_crazy_yiuf_cottage,
          uniq_natasha, uniq_robin

Skill      XL: |  1  2 |
---------------+-------+-----
Throwing       | 2 |  2.0
Dodging        | 3 |  3.1
Short Blades   | 3 |  3.1
Armour         | 1 |  1.1
Fighting       | |  2.3

Action                     || total
---------------------------++-------
  Melee: Rapier            ||   150
         Punch             ||     3
    Use: Potion            ||     1
 Armour: Leather armour    ||    71
         Skin              ||    45
  Dodge: Dodged            ||    85
  Block: Other             ||    21

Table legend: (Time is in decaauts)
 A = Elapsed time spent in this place.
 B = Non-inter-level travel time spent in this place.
 C = Inter-level travel time spent in this place.
 D = Time resting spent in this place.
 E = Time spent auto-exploring this place.
 F = Levels seen in this place.
 G = Mean time per level.
                   A        B        C        D        E       F      G
               +--------+--------+--------+--------+--------+-----+--------+
         Total |   1015 |    938 |     77 |      0 |    620 |   2 |  507.5 |
       Dungeon |   1015 |    938 |     77 |      0 |    620 |   2 |  507.5 |
               +--------+--------+--------+--------+--------+-----+--------+

Top non-repeatable levels by time:
     D:1: 999 daAuts
     D:2: 15 daAuts
